 Seeded DCSS version 0.30-a0-553-g7fabdf1491 (webtiles) character file.

Game seed: 14822644002138613196 (custom seed)

1491 voltaire321 the Magician (level 8, -4/52 HPs)
             Began as an Octopode Hedge Wizard on Dec 11, 2022.
             Was an Initiate of Vehumet.
             Killed from afar by a steam dragon (8 damage)
             ... with a ball of steam
             ... on level 7 of the Dungeon on Dec 26, 2022.
             The game lasted 00:24:06 (6756 turns).

voltaire321 the Magician (Octopode Hedge Wizard)    Turns: 6756, Time: 00:24:06

Health: -4/52      AC:  1    Str: 10    XL:     8   Next: 80%
Magic:  32/32      EV: 13    Int: 24    God:    Vehumet [......]
Gold:   261        SH:  8    Dex: 17    Spells: 8/16 levels left

rFire   + . .      SeeInvis +    B - +1 dagger (venom)
rCold   + . .      Faith    .    p - +0 kite shield
rNeg    . . .      Spirit   .    b - +0 hat
rPois   .          Reflect  .    (no amulet)
rElec   .          Harm     .    d - ring of protection from cold
rCorr   .          Rampage  .    f - +6 ring of intelligence
Will    .....                    h - ring of magical power
Stlth   ++++                     l - ring of protection from fire
HPRegen 0.28/turn                o - ring of wizardry
MPRegen 0.23/turn                q - ring of see invisible
                                 y - ring of magical power
                                 k - +6 ring of dexterity

@: no status effects
A: almost no armour, amphibious, 8 rings, camouflage 1, gelatinous body 1,
(nimble swimmer 1), tentacles
a: Renounce Religion


You were on level 7 of the Dungeon.
You worshipped Vehumet.
Vehumet was noncommittal.
You visited 2 branches of the dungeon, and saw 8 of its levels.

You collected 261 gold pieces.

Inventory:

Hand Weapons
 B - a +1 dagger of venom (weapon)
Missiles
 e - 4 curare-tipped darts
Armour
 b - a +0 hat (worn)
 p - a +0 kite shield (worn)
Magical Staves
 s - a staff of air
Jewellery
 d - a ring of protection from cold (left tentacle)
 f - a +6 ring of intelligence (right tentacle)
 h - a ring of magical power (on tentacle)
 k - a +6 ring of dexterity (on tentacle)
 l - a ring of protection from fire (on tentacle)
 o - a ring of wizardry (on tentacle)
 q - a ring of see invisible (on tentacle)
 y - a ring of magical power (on tentacle)
Wands
 A - a wand of digging (19)
Scrolls
 j - 3 scrolls of blinking
Potions
 a - 2 potions of berserk rage
 c - a potion of magic
 g - a potion of mutation
 i - a potion of brilliance {unknown}
 m - a potion of lignification
 n - a potion of might {unknown}
 r - a potion of resistance {unknown}
 t - a potion of attraction {unknown}
 u - a potion of haste {unknown}
 v - a potion of degeneration {unknown}
 w - a potion of invisibility {unknown}
 z - 2 potions of curing {unknown}
 D - 2 potions of ambrosia


   Skills:
 * Level 3.3 Fighting
 * Level 4.2 Dodging
 + Level 4.4 Stealth
 * Level 0.3 Shields
 * Level 4.6 Spellcasting
 * Level 3.8 Conjurations
 * Level 3.8 Summonings
 * Level 3.6 Translocations
 * Level 2.8 Air Magic
 * Level 3.5 Poison Magic


You had 8 spell levels left.
You knew the following spells:

 Your Spells              Type           Power      Damage    Failure   Level
a - Magic Dart            Conj           92%        1d7       2%          1
b - Blink                 Tloc           46%        N/A       4%          2
c - Call Imp              Summ           24%        N/A       4%          2
d - Apportation           Tloc           46%        N/A       3%          1
e - Poisonous Vapours     Pois/Air       40%        N/A       6%          2

Your spell library contained the following spells:

 Spells                   Type           Power      Damage    Failure   Level
 Summon Small Mammal      Summ           96%        N/A       2%          1
 Static Discharge         Conj/Air       42%        2-4/arc   5%          2
 Sting                    Tmut/Pois      52%        1d5       6%          1
 Cigotuvi's Dreadful Rot  Necr/Pois/Air  30%        N/A       9%          2
 Mephitic Cloud           Conj/Pois/Air  21%        N/A       10%         3
 Vhi's Electric Charge    Tloc/Air       42%        N/A       11%         3
 Necrotise                Necr           20%        1d5       13%         1
 Slow                     Hex            20%        N/A       13%         1
 Manifold Assault         Tloc           23%        N/A       28%         4
 Olgreb's Toxic Radiance  Pois           22%        N/A       30%         4
 Arcjolt                  Conj/Air       10%        1d20      65%         5
 Lightning Bolt           Conj/Air       10%        1d23      65%         5
 Storm Form               Tmut/Air       6%         N/A       100%        7


Dungeon Overview and Level Annotations

Branches:
Dungeon (7/15)             Temple (1/1) D:7

Altars:
Ashenzari
Cheibriados
Dithmenos
Elyvilon
Fedhas
Gozag
Hepliaklqana
Kikubaaqudgha
Makhleb
Nemelex Xobeh
Okawaru
Qazlal
Ru
Trog
Uskayaw
Vehumet
Xom
Yredelemnul
Zin
The Shining One

Shops:
D:5 *

Annotations:
D:4 Menkaure, Sigmund
D:5 Grinder
D:6 3 runed translucent doors, MAFIAMEASN's ghost, amateur MiFi


Innate Abilities, Weirdness & Mutations

You cannot wear most types of armour.
You are amphibious.
You can wear up to eight rings at the same time.
Your skin changes colour to match your surroundings (Stealth+).
Your rubbery body absorbs attacks. (AC +1, EV +1)
((You are camouflaged when in or above water. (Stealth+)))
You have tentacles for arms and can constrict up to eight enemies at once.


Message History

You kill the sky beast!
Vehumet accepts your kill.
You see here a sky beast corpse.
You start resting.
A steam dragon comes into view.
A steam dragon is nearby!
You barely miss the steam dragon.
The steam dragon hisses angrily.
The steam dragon breathes steam at you. The ball of steam misses you.
You barely miss the steam dragon. The steam dragon bites you.
The steam dragon claws you but does no damage.
The steam dragon barely misses you. You block the steam dragon's attack.
You hit the steam dragon.
The steam dragon is poisoned.
You squeeze the steam dragon.
The steam dragon is lightly wounded.
The steam dragon breathes steam at you. The ball of steam hits you. You resist.
The steam dragon barely misses you. The steam dragon claws you.
You hit the steam dragon.
The steam dragon looks as sick as possible!
The steam dragon is lightly wounded.
The steam dragon bites you! You block the steam dragon's attack.
The steam dragon breathes steam at you. The ball of steam hits you. You resist.
* * * LOW HITPOINT WARNING * * *
The steam dragon bites you!
* * * LOW HITPOINT WARNING * * *
You block the steam dragon's attack. The steam dragon closely misses you.
You block the steam dragon's attack.
You closely miss the steam dragon.
The steam dragon is heavily wounded.
You block the steam dragon's attack. x2
The steam dragon completely misses you. The steam dragon barely misses you.
You hit the steam dragon but do no damage.
The steam dragon looks as sick as possible!
The steam dragon is heavily wounded.
The steam dragon breathes steam at you. The ball of steam hits you! You resist.
You die...

######### #.......#
#....<..# #.......#
#.......# #.>.....#
#.......#########+###
########.............
#...@.........
#...D.........
#.............
#....§§.......
########.............
#......†...§#'#######
#...........#........
#...........#........
#.....>.....#........


You could see a steam dragon (extremely poisoned, catching breath).

Vanquished Creatures
  A sky beast (D:7)
  3 ogres
  4 necrophages
  A water moccasin zombie (D:5)
  2 wights (D:5)
  2 bullfrog zombies (D:5)
  4 hounds
  A jelly (D:7)
  A human zombie (D:5)
  An orc priest (D:4)
  Crazy Yiuf (D:3)
  2 iguanas (D:6)
  Ijyb (D:5)
  A hound zombie (D:5)
  A howler monkey zombie (D:5)
  A mummy (D:5)
  A gnoll (D:1)
  6 adders
  2 worms
  3 dart slugs
  10 orcs
  6 endoplasms
  3 giant cockroaches
  10 hobgoblins
  5 jackals
  6 kobolds
  7 quokkas
  3 ball pythons
  8 bats
  2 frilled lizards
  2 goblins
  10 rats
111 creatures vanquished.

Vanquished Creatures (collateral kills)
  An ogre (D:5)
  A scorpion (D:6)
  A jelly (D:5)
3 creatures vanquished.

Vanquished Creatures (others)
  13 fungi
13 creatures vanquished.

Grand Total: 127 creatures vanquished

Notes
Turn   | Place    | Note
-------+----------+-------------------------------------------
     0 | D:1      | voltaire321 the Octopode Hedge Wizard began the quest for
                  | the Orb.
     0 | D:1      | Reached XP level 1. HP: 11/11 MP: 4/4
   180 | D:1      | Reached XP level 2. HP: 4/17 MP: 1/6
   538 | D:1      | Reached XP level 3. HP: 22/22 MP: 7/7
  1327 | D:2      | Learned a level 2 spell: Blink
  1330 | D:2      | Learned a level 2 spell: Call Imp
  1332 | D:2      | Learned a level 1 spell: Apportation
  1602 | D:2      | Reached XP level 4. HP: 27/27 MP: 9/9
  1991 | D:3      | Reached skill level 1 in Fighting
  2254 | D:3      | Reached XP level 5. HP: 32/33 MP: 10/10
  2743 | D:3      | Found a runed translucent door.
  2744 | D:3      | Noticed Crazy Yiuf
  2755 | D:3      | Killed Crazy Yiuf
  2762 | D:3      | HP: 1/33 [poisoned by Crazy Yiuf]
  3060 | D:4      | Learned a level 2 spell: Poisonous Vapours
  3088 | D:4      | Found a blossoming altar of Fedhas.
  3178 | D:4      | Reached XP level 6. HP: 3/39 MP: 11/11
  3328 | D:4      | Noticed Menkaure
  3415 | D:4      | Noticed Sigmund
  3667 | D:4      | Reached skill level 1 in Poison Magic
  3878 | D:4      | Reached skill level 1 in Air Magic
  3975 | D:4      | Found a stormy altar of Qazlal.
  4052 | D:4      | Reached XP level 7. HP: 45/45 MP: 12/12
  4089 | D:5      | Entered Level 5 of the Dungeon
  4443 | D:5      | Noticed Grinder
  4454 | D:5      | Found a burning altar of Makhleb.
  4498 | D:5      | Noticed Ijyb
  4518 | D:5      | Killed Ijyb
  4750 | D:5      | Found an ancient bone altar of Kikubaaqudgha.
  4815 | D:5      | Reached XP level 8. HP: 51/51 MP: 14/14
  4934 | D:5      | Found Teibreul's General Store.
  5778 | D:6      | Found a runed translucent gate.
  5778 | D:6      | Found a runed translucent gate.
  5778 | D:6      | Found a runed translucent gate.
  6280 | D:6      | Noticed MAFIAMEASN's ghost (amateur MiFi)
  6345 | D:7      | Found a staircase to the Ecumenical Temple.
  6405 | Temple   | Entered the Ecumenical Temple
  6596 | Temple   | Upgraded the game from 0.30-a0-439-g9e77e4d916 to
                  | 0.30-a0-553-g7fabdf1491
  6622 | Temple   | Became a worshipper of Vehumet
  6756 | D:7      | Killed from afar by a steam dragon

Illustrated notes

Levels and vault maps discovered:
D:1:      doesnt_arrival_eight_statues, layout_basic, minmay_tetromino_l4
D:2:      layout_rooms
D:3:      layout_rooms, chequers_mini_garden, uniq_crazy_yiuf_cottage
D:4:      layout_loops_ring, old_standard_altar, nicolae_overflow_hidden_temple,
          dreamdust_mushroom_princess, grunt_decor_cap, uniq_menkaure,
          uniq_sigmund
D:5:      layout_rooms, lemuel_mausoleum_altar_kikubaaqudgha, demons_altar,
          serial_shops, nicolae_stop_n_shop_1, hangedman_decor_opposing,
          uniq_grinder, uniq_ijyb
D:6:      layout_basic, ebering_ghost_rock_garden, nicolae_benzene_ring
D:7:      lemuel_bear_cage, layout_gridville, minmay_temple_entry_steel_oval,
          uniq_prince_ribbit1
Temple:   eino_temple_rhombus

Skill      XL: |  1  2  3  4  5  6  7  8 |
---------------+-------------------------+-----
Summonings     | 2 3 |  3.8
Fighting       | 1 2 3 |  3.3
Stealth        | 3 4 |  4.4
Translocations | 2 3 |  3.6
Conjurations   | 2 3 |  3.8
Dodging        | 3 4 |  4.2
Poison Magic   | 1 2 3 |  3.5
Air Magic      | 1 2 |  2.8
Spellcasting   | 4 |  4.6
Shields        | |  0.3

Action                   |  1- 3 |  4- 6 |  7- 9 || total
-------------------------+-------+-------+-------++-------
Melee: Dagger            |    53 |    68 |   123 ||   244
       Constrict         |    12 |    15 |    18 ||    45
       Tentacles         |    12 |    21 |    38 ||    71
       Punch             |       |     1 |     3 ||     4
 Cast: Magic Dart        |    63 |    89 |    38 ||   190
       Call Imp          |       |       |    12 ||    12
       Poisonous Vapours |       |       |     7 ||     7
  Use: Scroll            |       |     4 |     6 ||    10
 Stab: Sleeping          |     6 |     4 |     7 ||    17
Armor: Skin              |     6 |     1 |     6 ||    13
Dodge: Dodged            |    27 |    36 |    71 ||   134
Block: Kite shield       |       |       |     7 ||     7

Table legend: (Time is in decaauts)
 A = Elapsed time spent in this place.
 B = Non-inter-level travel time spent in this place.
 C = Inter-level travel time spent in this place.
 D = Time resting spent in this place.
 E = Time spent auto-exploring this place.
 F = Levels seen in this place.
 G = Mean time per level.
                   A        B        C        D        E       F      G
               +--------+--------+--------+--------+--------+-----+--------+
         Total |   6753 |   6502 |    251 |   1518 |   3529 |   8 |  844.1 |
       Dungeon |   6524 |   6322 |    202 |   1518 |   3419 |   7 |  932.0 |
        Temple |    228 |    179 |     49 |      0 |    110 |   1 |  228.0 |
               +--------+--------+--------+--------+--------+-----+--------+

Top non-repeatable levels by time:
     D:1: 1303 daAuts
     D:5: 1273 daAuts
     D:3: 1200 daAuts
     D:6: 946 daAuts
     D:4: 906 daAuts
     D:2: 676 daAuts
  Temple: 228 daAuts
     D:7: 218 daAuts
